 Dungeon Crawl Stone Soup version 0.28.0-45-g0d030f2227 (webtiles) character file.

Game seed: 8630700189855326682

151 MisterFreud the Covert (level 5, -1/47 HPs)
             Began as a Gnoll Delver on May 15, 2022.
             Slain by Eustachio
             ... wielding a +0 falchion
              (9 damage)
             ... on level 6 of the Dungeon.
             The game lasted 00:01:22 (825 turns).

MisterFreud the Covert (Gnoll Delver)                Turns: 825, Time: 00:01:22

Health: -1/47      AC:  3    Str: 11    XL:     5   Next: 33%
Magic:  7/7        EV: 13    Int: 12    God:
Gold:   31         SH:  0    Dex: 13    Spells: 6/6 levels left

rFire   . . .      SeeInvis .   a - +0 short sword
rCold   . . .      Faith    .   (no shield)
rNeg    . . .      Spirit   .   b - +0 leather armour
rPois   .          Reflect  .   (no helmet)
rElec   .          Harm     .   (no cloak)
rCorr   .          Rampage  .   (no gloves)
Will    .....                   (no boots)
Stlth   ++++......              (no amulet)
HPRegen 0.15/turn               (no ring)
MPRegen 0.10/turn               (no ring)

@: no status effects
A: fangs 1, strong nose, distributed training
a: no special abilities


You were on level 6 of the Dungeon.
You visited 1 branch of the dungeon, and saw 2 of its levels.

You collected 31 gold pieces.

Inventory:

Hand Weapons
 a - a +0 short sword (weapon)
Armour
 b - a +0 leather armour (worn)
Wands
 g - a wand of digging (3)
Scrolls
 c - a scroll of fog
 d - a scroll of magic mapping
 e - a scroll of fear
 i - a scroll of identify {unknown}
Potions
 f - a potion of haste
 h - a potion of heal wounds {unknown}


   Skills:
 + Level 6.7 Fighting
 + Level 4.8 Short Blades
 + Level 1.4 Long Blades
 + Level 1.4 Axes
 + Level 1.4 Maces & Flails
 + Level 1.4 Polearms
 + Level 1.4 Staves
 + Level 1.4 Slings
 + Level 1.4 Bows
 + Level 1.4 Crossbows
 + Level 1.4 Throwing
 + Level 1.4 Armour
 + Level 4.8 Dodging
 + Level 9.7 Stealth
 + Level 1.4 Shields
 + Level 1.4 Unarmed Combat
 + Level 1.4 Spellcasting
 + Level 1.1 Conjurations
 + Level 1.1 Hexes
 + Level 1.1 Summonings
 + Level 1.1 Necromancy
 + Level 1.1 Translocations
 + Level 1.1 Transmutations
 + Level 1.1 Fire Magic
 + Level 1.1 Ice Magic
 + Level 1.1 Air Magic
 + Level 1.1 Earth Magic
 + Level 1.1 Poison Magic
 + Level 1.6 Invocations
 + Level 1.4 Evocations


You had 6 spell levels left.
You didn't know any spells.
Your spell library was empty.

Dungeon Overview and Level Annotations

Branches:
Dungeon (6/15)
 Temple: D:4-7

Altars:

Annotations:
D:6 Eustachio


Innate Abilities, Weirdness & Mutations

You have very sharp teeth.
Your uncanny sense of smell can sniff out nearby items.
Your experience applies equally to all skills.


Message History

You completely miss the white imp. You completely miss the white imp.
The white imp gestures at you. The puff of frost hits you.
* * * LOW HITPOINT WARNING * * *
Unknown command.
You hit the white imp.
The white imp is moderately wounded.
The white imp hits you.
* * * LOW HITPOINT WARNING * * *
The white imp freezes you.
* * * LOW HITPOINT WARNING * * *
Eustachio mumbles some strange words.
The white imp gestures at you. The puff of frost misses you.
The white imp disappears in a puff of smoke!
The shadow imp picks up a beetle and eats it.
The shadow imp disappears in a puff of smoke!
Okay, then.
Unknown command.
Unknown command.
You start resting.
Eustachio is nearby!
Eustachio hits you with a +0 falchion.
* * * LOW HITPOINT WARNING * * *
You hit Eustachio. You punch Eustachio, but do no damage.
Eustachio is severely wounded.
Eustachio utters an oath, "I will die for my friends!"
Eustachio misses you.
You hit Eustachio. Your bite misses Eustachio.
Eustachio is almost dead.
Eustachio closely misses you.
You closely miss Eustachio.
Eustachio is almost dead.
Eustachio hits you with a +0 falchion.
* * * LOW HITPOINT WARNING * * *
You hit Eustachio.
Eustachio is almost dead.
Eustachio hits you with a +0 falchion!
You die...

...# #........... #@.
#.........#. #.#
#.######.... #.#
#........... #.#
#.....##. . #5#
##.....# #.#
###......## #.#####
#...........
#.....#####@.......##.
#####.....@.......##
########.........
##########


You could see Eustachio.

Vanquished Creatures
  2 wights (D:6)
  2 iguanas (D:5)
  An adder (D:5)
  A white imp (D:6)
  An orc (D:5)
7 creatures vanquished.

Notes
Turn   | Place    | Note
-------+----------+-------------------------------------------
     0 | D:5      | Reached skill level 9 in Stealth
     0 | D:5      | MisterFreud the Gnoll Delver began the quest for the Orb.
     0 | D:5      | Reached XP level 1. HP: 23/23 MP: 1/1
     4 | D:6      | Noticed a wight
     9 | D:6      | Killed a wight
    10 | D:6      | Reached skill level 1 in Invocations
    10 | D:6      | Reached XP level 2. HP: 29/29 MP: 1/3
    10 | D:6      | Reached XP level 3. HP: 35/35 MP: 1/4
    15 | D:6      | Reached skill level 1 in Long Blades
    15 | D:6      | Reached skill level 1 in Axes
    15 | D:6      | Reached skill level 1 in Maces & Flails
    15 | D:6      | Reached skill level 1 in Polearms
    15 | D:6      | Reached skill level 1 in Staves
    15 | D:6      | Reached skill level 1 in Slings
    15 | D:6      | Reached skill level 1 in Bows
    15 | D:6      | Reached skill level 1 in Crossbows
    15 | D:6      | Reached skill level 1 in Throwing
    15 | D:6      | Reached skill level 1 in Armour
    15 | D:6      | Reached skill level 1 in Shields
    15 | D:6      | Reached skill level 1 in Unarmed Combat
    15 | D:6      | Reached skill level 1 in Spellcasting
    15 | D:6      | Reached skill level 1 in Evocations
    15 | D:6      | Reached XP level 4. HP: 41/41 MP: 1/5
   106 | D:5      | Reached skill level 1 in Conjurations
   106 | D:5      | Reached skill level 1 in Hexes
   106 | D:5      | Reached skill level 1 in Summonings
   106 | D:5      | Reached skill level 1 in Necromancy
   106 | D:5      | Reached skill level 1 in Translocations
   106 | D:5      | Reached skill level 1 in Transmutations
   106 | D:5      | Reached skill level 1 in Fire Magic
   106 | D:5      | Reached skill level 1 in Ice Magic
   106 | D:5      | Reached skill level 1 in Air Magic
   106 | D:5      | Reached skill level 1 in Earth Magic
   106 | D:5      | Reached skill level 1 in Poison Magic
   311 | D:5      | Reached XP level 5. HP: 14/47 MP: 5/7
   757 | D:6      | Noticed Eustachio
   825 | D:6      | Slain by Eustachio

Illustrated notes

Levels and vault maps discovered:
D:5:      layout_loops_ring, ebering_ghost_sewer_d
D:6:      layout_loops_ring, gammafunk_ghost_arena, grunt_ministairs_11,
          uniq_eustachio, uniq_maggie

Skill      XL: |  1  2  3  4 |
---------------+-------------+-----
Stealth        | |  9.7
Invocations    | 1 |  1.6
Long Blades    | 1 |  1.4
Axes           | 1 |  1.4
Maces & Flails | 1 |  1.4
Polearms       | 1 |  1.4
Staves         | 1 |  1.4
Slings         | 1 |  1.4
Bows           | 1 |  1.4
Crossbows      | 1 |  1.4
Throwing       | 1 |  1.4
Armour         | 1 |  1.4
Shields        | 1 |  1.4
Unarmed Combat | 1 |  1.4
Spellcasting   | 1 |  1.4
Evocations     | 1 |  1.4
Conjurations   | 1 |  1.1
Hexes          | 1 |  1.1
Summonings     | 1 |  1.1
Necromancy     | 1 |  1.1
Translocations | 1 |  1.1
Transmutations | 1 |  1.1
Fire Magic     | 1 |  1.1
Ice Magic      | 1 |  1.1
Air Magic      | 1 |  1.1
Earth Magic    | 1 |  1.1
Poison Magic   | 1 |  1.1
Fighting       | |  6.7
Short Blades   | |  4.8
Dodging        | |  4.8

Action                   |  1- 3 |  4- 6 || total
-------------------------+-------+-------++-------
Melee: Short sword       |     2 |   100 ||   102
       Bite              |       |    13 ||    13
       Punch             |       |     6 ||     6
 Stab: Sleeping          |     2 |       ||     2
Armor: Leather armour    |       |     9 ||     9
Dodge: Dodged            |       |    54 ||    54
